Map: Thunderbird LE

Players

Player

  • Race: Protoss Protoss
  • League: Master
  • Spawn Location: 5:00

Mez - Winner!

  • Race: Terran Terran
  • League: Master
  • Spawn Location: 11:00

VOD

Have the link to the VOD?

Description

Time

  • Played on: Aug. 12, 2019, 6:16 p.m.
  • Length: 6:45
Show
View Real Time Build Order
Export as new Build Order

Player Protoss 

Build Orders: 1 Gate Expand 

Get SALT Encoding   

  12  0:00  Probe  
  13  0:12  Probe  
  14  0:18  Pylon  
  14  0:24  Probe  
  15  0:32  Probe  
  15  0:37  Gateway  
  15  0:40  Probe  
  16  0:47  Assimilator  
  17  0:51  Probe  
  18  1:00  Probe  
  19  1:08  Probe  
  19  1:17  Probe  
  21  1:29  Nexus  
  21  1:37  Cybernetics Core  
  21  1:43  Assimilator  
  21  1:50  Probe  
  21  1:53  Pylon  
  22  2:02  Probe  
  22  2:03  Stalker  
  23  2:14  Probe, Warp Gate  
  26  2:26  Probe  
  27  2:33  Stalker  
  29  2:37  Probe, Twilight Council  
  29  2:39  Probe  
  31  2:45  Probe  
  31  2:51  Probe  
  33  2:55  Probe  
  33  2:57  Shield Battery  
  34  3:03  Stalker, Probe  
  37  3:07  Probe  
  38  3:14  Robotics Facility  
  38  3:15  Probe x2  
  38  3:17  Charge  
  40  3:27  Probe  
  40  3:31  Gateway  
  40  3:33  Gateway  
  41  3:40  Probe x2  
  43  3:52  Probe  
  44  3:56  Pylon  
  44  4:04  Stalker  
  44  4:08  Immortal, Pylon  
  46  4:11  Pylon  
  46  4:16  Gateway  
  50  4:17  Gateway  
  50  4:19  Gateway  
  50  4:25  Zealot  
  50  4:28  Zealot  
  50  4:29  Zealot  
  56  4:36  Pylon  
  56  4:37  Pylon  
  56  4:40  Observer  
  56  4:44  Pylon  
  56  4:47  Zealot  
  56  4:48  Zealot  
  56  4:50  Zealot  
  63  4:56  Warp Prism  
  63  4:57  Probe x2  
  65  5:00  Pylon  
  67  5:09  Zealot x2  
  67  5:10  Zealot  
  73  5:22  Zealot x3  
  79  5:40  Zealot x2  
  79  5:41  Zealot  
  85  5:48  Pylon  
  85  5:59  Zealot x4  
  85  6:02  Zealot x2  
  77  6:27  Zealot x2  
  77  6:28  Zealot x4  
Show
View Real Time Build Order
Export as new Build Order

Mez Terran - Winner!

Build Orders: Reaper Expand 

Get SALT Encoding   

  12  0:02  SCV  
  13  0:14  SCV  
  14  0:17  Supply Depot  
  14  0:26  SCV  
  15  0:39  SCV  
  15  0:41  Barracks  
  16  0:45  Refinery  
  16  0:51  SCV  
  17  1:03  SCV  
  18  1:15  SCV  
  19  1:28  Reaper  
  19  1:29  Orbital Command  
  20  1:43  Command Center  
  20  1:55  SCV  
  20  1:57  Bunker  
  21  2:01  Barracks Reactor  
  21  2:07  SCV  
  22  2:11  Supply Depot  
  22  2:19  SCV  
  23  2:32  Command Center  
  23  2:38  SCV, Marine x2  
  26  2:45  Factory  
  26  2:50  SCV  
  27  2:56  Orbital Command  
  27  3:01  Marine x2  
  29  3:08  Refinery  
  29  3:09  SCV  
  30  3:19  Marine x2  
  32  3:21  SCV  
  32  3:22  SCV  
  34  3:30  Widow Mine  
  34  3:32  Starport  
  34  3:33  SCV  
  37  3:35  SCV  
  38  3:45  SCV, Orbital Command  
  38  3:47  SCV  
  40  3:53  Widow Mine  
  42  3:57  SCV  
  42  3:58  Marine x2  
  42  3:59  Supply Depot  
  42  4:00  SCV  
  46  4:05  Refinery  
  46  4:09  SCV  
  47  4:10  Starport Tech Lab  
  47  4:12  SCV  
  47  4:15  Factory Tech Lab  
  48  4:20  SCV  
  48  4:22  SCV  
  48  4:24  SCV  
  51  4:26  Marine x2  
  51  4:31  Raven  
  55  4:32  SCV  
  55  4:34  SCV, Supply Depot  
  55  4:35  Barracks  
  57  4:40  SCV  
  57  4:42  Siege Tank  
  57  4:44  SCV  
  62  4:49  Barracks  
  62  4:54  SCV  
  62  4:55  SCV  
  62  4:56  Marine x2  
  66  5:04  Supply Depot  
  66  5:05  Supply Depot  
  66  5:06  SCV  
  66  5:07  Refinery, SCV, Supply Depot  
  68  5:13  Engineering Bay  
  68  5:14  Siege Tank  
  68  5:16  Engineering Bay  
  68  5:18  SCV x2  
  73  5:25  SCV  
  74  5:30  SCV  
  74  5:31  SCV  
  74  5:32  Starport Reactor, Supply Depot  
  74  5:34  Marine x2, Supply Depot  
  74  5:35  Marine  
  79  5:40  SCV  
  79  5:42  SCV  
  80  5:54  SCV x2  
  80  5:55  Marine x2  
  80  5:56  Marauder  
  86  6:09  Marauder, Factory Reactor  
Tags
 
Add a new tag
Caveats
  • Supply blocks, unpowered buildings, or Contaminate may cause inaccurate times.
  • Supply counts are checked every 10 seconds.